Map: Pillars of Gold LE

Players

ByuN

  • Race: Terran Terran
  • Spawn Location: 1:00

Clem - Winner!

  • Race: Terran Terran
  • Spawn Location: 7:00

Event: IEM Katowice 2021

VOD

Have the link to the VOD?

Description

Time

  • Played on: Feb. 22, 2021, 9:16 a.m.
  • Length: 6:10

All games in this series

Show
View Real Time Build Order
Export as new Build Order

ByuN Terran 

Build Orders:  

Get SALT Encoding   

  12  0:00  SCV  
  13  0:12  SCV  
  14  0:17  Supply Depot  
  14  0:24  SCV  
  15  0:39  SCV  
  15  0:40  Barracks  
  16  0:44  Refinery  
  16  0:51  SCV  
  16  0:55  Refinery  
  17  1:03  SCV  
  18  1:15  SCV  
  19  1:27  Reaper  
  19  1:28  Supply Depot, Orbital Command  
  20  1:42  Factory  
  20  1:54  SCV  
  20  1:59  Reaper  
  22  2:06  SCV  
  23  2:20  Command Center  
  23  2:23  SCV  
  23  2:29  Hellion  
  26  2:31  Barracks Reactor  
  26  2:35  SCV  
  27  2:42  Starport  
  27  2:48  SCV  
  28  2:52  Supply Depot  
  28  2:55  Widow Mine  
  30  3:00  SCV  
  31  3:13  SCV, Marine x2  
  31  3:17  Factory Tech Lab  
  34  3:20  Medivac  
  34  3:26  SCV  
  37  3:32  Marine x2  
  37  3:33  Orbital Command  
  39  3:37  Cyclone  
  39  3:39  SCV  
  43  3:44  Refinery  
  43  3:50  Marine x2  
  43  3:52  Starport Tech Lab  
  45  3:59  SCV x2  
  45  4:01  Supply Depot  
  47  4:08  Marine x2  
  49  4:12  Siege Tank  
  49  4:15  SCV x2  
  52  4:26  Raven  
  52  4:27  SCV  
  52  4:29  Marine x2  
  51  4:39  SCV  
  51  4:51  SCV  
  46  4:56  Marine x2  
  46  4:59  SCV  
  40  5:03  SCV  
  31  5:07  Siege Tank  
  31  5:11  SCV  
  31  5:12  Banshee  
  37  5:15  SCV  
  37  5:16  Marine x2  
  39  5:23  SCV  
  39  5:28  SCV  
  40  5:33  Marine  
  40  5:34  Marine  
  41  5:35  SCV  
  41  5:38  Refinery  
  41  5:40  SCV  
  42  5:48  SCV  
  46  5:52  SCV  
Show
View Real Time Build Order
Export as new Build Order

Clem Terran - Winner!

Build Orders:  

Get SALT Encoding   

  12  0:00  SCV  
  13  0:12  SCV  
  14  0:18  Supply Depot  
  14  0:24  SCV  
  15  0:39  SCV  
  15  0:40  Barracks  
  16  0:46  Refinery  
  16  0:51  SCV  
  16  0:55  Refinery  
  17  1:03  SCV  
  18  1:16  SCV  
  19  1:28  Reaper, Orbital Command  
  19  1:29  Supply Depot  
  20  1:42  Factory  
  20  1:54  SCV  
  21  2:00  Reaper  
  22  2:06  SCV  
  23  2:18  Command Center  
  23  2:21  SCV  
  24  2:27  Hellion  
  26  2:33  SCV  
  27  2:37  Barracks Reactor  
  27  2:41  Starport  
  27  2:45  SCV  
  27  2:49  Factory Tech Lab  
  28  2:52  Supply Depot  
  28  3:00  SCV  
  29  3:13  SCV  
  29  3:14  Marine, Siege Tank  
  29  3:15  Marine  
  35  3:24  Medivac  
  35  3:26  SCV  
  38  3:30  Orbital Command  
  38  3:33  Marine  
  38  3:34  Marine  
  40  3:38  SCV  
  41  3:41  Refinery  
  41  3:47  Cyclone  
  44  3:50  SCV  
  44  3:51  Marine  
  44  3:54  Marine  
  47  3:56  Starport Tech Lab  
  47  3:59  SCV  
  48  4:04  Supply Depot  
  49  4:13  Marine x2  
  49  4:14  Viking  
  52  4:18  SCV x2  
  52  4:27  Siege Tank  
  52  4:30  SCV  
  53  4:33  Marine x2  
  53  4:35  SCV  
  55  4:39  Supply Depot  
  55  4:44  SCV  
  56  4:47  Raven  
  56  4:51  SCV  
  57  4:55  Marine x2  
  57  4:56  SCV  
  57  5:03  SCV, Supply Depot  
  57  5:06  Siege Tank  
  54  5:08  SCV  
  55  5:15  SCV  
  55  5:16  Marine  
  55  5:17  Marine, Supply Depot  
  58  5:23  SCV  
  58  5:27  SCV  
  60  5:34  Marine, Supply Depot  
  60  5:35  SCV  
  64  5:39  SCV, Marine  
  65  5:47  SCV  
  68  5:51  SCV  
  69  6:06  Command Center  

Tags
 
Add a new tag
Caveats
  • Supply blocks, unpowered buildings, or Contaminate may cause inaccurate times.
  • Supply counts are checked every 10 seconds.